 Dungeon Crawl Stone Soup version 0.27.1-3-gb3d3a73c9e (webtiles) character file.

Game seed: 12470391155760021760

2568 Descartes the Sneak (level 9, 0/43 HPs)
             Began as a Spriggan Wanderer on Oct 17, 2021.
             Slain by a boulder beetle (5 damage)
             ... on level 7 of the Dungeon.
             The game lasted 00:24:19 (12329 turns).

Descartes the Sneak (Spriggan Wanderer)            Turns: 12329, Time: 00:24:19

Health: 0/43       AC:  5    Str: 10    XL:     9   Next: 31%
Magic:  0/17       EV: 19    Int: 12    God:
Gold:   205        SH:  0    Dex: 17    Spells: 13/18 levels left

rFire    . . .     SeeInvis +   e - +2 dagger (drain)
rCold    . . .     Faith    .   (shield restricted)
rNeg     + + .     Spirit   +   A - +2 robe {Archmagi}
rPois    .         Reflect  .   (helmet restricted)
rElec    .         Harm     .   v - +0 cloak of Xom's Castigation {+Blink}
rCorr    .         Rampage  .   (gloves unavailable)
Will     +....     Archmagi +   (boots unavailable)
Stlth    ++++......             w - amulet of guardian spirit
HPRegen  0.14/turn              n - ring of positive energy
MPRegen  0.15/turn              p - ring of positive energy

@: very quick
A: very small, no large weapons, unfitting armour, see invisible, speed 3
a: Evoke Blink


You were on level 7 of the Dungeon.
You visited 2 branches of the dungeon, and saw 8 of its levels.
You also visited: Ossuary.

You collected 205 gold pieces.

Inventory:

Hand Weapons
 e - a +2 dagger of draining (weapon)
 I - a +3 dagger
Missiles
 d - 74 arrows
 f - 183 stones (quivered)
 o - 8 datura-tipped darts
 u - 18 sling bullets
 M - 14 poisoned darts
Armour
 v - the +0 cloak of Xom's Castigation (worn) {+Blink}
   (You found it on level 4 of the Dungeon)

   +Blink:    It lets you blink.
 A - a +2 robe of the Archmagi (worn)
Jewellery
 n - a ring of positive energy (left hand)
 p - a ring of positive energy (right hand)
 w - an amulet of guardian spirit (around neck)
Wands
 b - a wand of flame (17)
 y - a wand of iceblast (6)
 C - a wand of acid (9)
Scrolls
 a - 3 scrolls of vulnerability {unknown}
 c - 7 scrolls of identify {unknown}
 h - 2 scrolls of magic mapping {unknown}
 r - 2 scrolls of enchant armour {unknown}
 s - 2 scrolls of teleportation {unknown}
 x - 3 scrolls of fog {unknown}
 z - a scroll of blinking {unknown}
 D - 2 scrolls of immolation {unknown}
 E - 2 scrolls of holy word {unknown}
 F - a scroll of summoning {unknown}
 K - 2 scrolls of brand weapon {unknown}
Potions
 g - a potion of berserk rage {unknown}
 i - a potion of ambrosia {unknown}
 j - 4 potions of lignification {unknown}
 k - a potion of magic {unknown}
 l - a potion of resistance {unknown}
 m - 3 potions of haste
 q - 3 potions of curing {unknown}
 t - a potion of brilliance {unknown}
 B - 2 potions of cancellation {unknown}
 G - 2 potions of degeneration {unknown}
 H - 2 potions of mutation {unknown}
 J - a potion of might {unknown}
 L - a potion of attraction {unknown}


   Skills:
 - Level 2.4 Fighting
 - Level 5.0 Short Blades
 - Level 1.0 Throwing
 - Level 5.0 Dodging
 + Level 7.2 Stealth
 - Level 5.0 Spellcasting
 + Level 3.4 Conjurations
 - Level 5.0 Fire Magic
 + Level 4.6 Poison Magic
 + Level 5.2 Evocations


You had 13 spell levels left.
You knew the following spells:

 Your Spells              Type           Power      Damage    Failure   Level
a - Foxfire               Conj/Fire      76%        2x1d7     3%          1
b - Sting                 Tmut/Pois      48%        1d5       8%          1
c - Ignite Poison         Fire/Tmut/Pois 16%        N/A       16%         3

Your spell library contained the following spells:

 Spells                   Type           Power      Damage    Failure   Level
 Conjure Flame            Conj/Fire      19%        6-21      11%         3
 Animate Skeleton         Necr           8%         N/A       21%         1
 Pain                     Necr           16%        1d4       21%         1
 Sandblast                Erth           8%         2d5       21%         1
 Inner Flame              Hex/Fire       13%        N/A       22%         3
 Passwall                 Tmut/Erth      3%         N/A       30%         2
 Sticky Flame             Conj/Fire      19%        2d4       34%         4
 Vampiric Draining        Necr           2%         2d6       52%         3
 Fireball                 Conj/Fire      9%         3d6       69%         5
 Lee's Rapid Deconstruct  Erth           2%         3d5*      99%         5


Dungeon Overview and Level Annotations

Branches:
Dungeon (7/15)             Temple (1/1) D:7         Ossuary (visited)

Altars:
Elyvilon
Hepliaklqana
Kikubaaqudgha
Makhleb
Nemelex Xobeh
Okawaru
Qazlal
Ru
Sif Muna
Uskayaw
Vehumet
Wu Jian
Xom
Yredelemnul
Zin
The Shining One

Shops:
D:5 [   D:6 *

Annotations:
D:4 Descartes's ghost, weakling SpDe; RawMediocrity's ghost, amateur TeBe; fexil's ghost, amateur FeSu; puimuR's ghost, weakling HOMo
D:7 Pikel


Innate Abilities, Weirdness & Mutations

You are very small and have problems with some larger weapons.
You are too small for most types of armour.
You have supernaturally acute eyesight. (SInv)
You cover ground extremely quickly. (Speed+++)


Message History

Unknown command.
Casting: Foxfire (safe; 3% risk of failure)
Confirm with . or Enter, or press ? or * to list all spells.
You feel a surge of power!
You conjure some foxfire!
The foxfire hits the boulder beetle but does no damage. x2
The boulder beetle leaps!
Unknown command.
Casting: Foxfire (safe; 3% risk of failure)
Confirm with . or Enter, or press ? or * to list all spells.
You feel a surge of power!
You conjure some foxfire!
Unknown command.
Your foxfire dissipates! x2
Your foxfire dissipates! x2
A boulder beetle is nearby!
Casting: Foxfire (safe; 3% risk of failure)
Confirm with . or Enter, or press ? or * to list all spells.
You feel a surge of power!
You conjure some foxfire!
Casting: Foxfire (safe; 3% risk of failure)
Confirm with . or Enter, or press ? or * to list all spells.
You feel a surge of power!
You conjure some foxfire!
The foxfire hits the boulder beetle but does no damage. x2
The boulder beetle misses you.
Unknown command.
Unknown command.
Casting: Foxfire (safe; 3% risk of failure)
Confirm with . or Enter, or press ? or * to list all spells.
You feel a surge of power!
You conjure some foxfire!
The foxfire hits the boulder beetle.
The boulder beetle is lightly wounded.
The foxfire hits the boulder beetle.
The boulder beetle is lightly wounded.
The boulder beetle bites you!!
Ouch! That really hurt!
* * * LOW HITPOINT WARNING * * *
Your foxfire dissipates!
The foxfire hits the boulder beetle but does no damage.
The boulder beetle is lightly wounded.
The boulder beetle curls into a ball and begins rolling!
You blink.
The boulder beetle hits you.
You die...

####.......##...<.#..
####..........##........
##.#.....°..B............
#.....#.°#..#............
##...°###°####............
#..#..##..°.#........>....
#..........○.§.....[......
##.#....#.B.#........##...
#.#.....@.##...).........
.###.....###............. ..
#.....# ..............
........#.#................
.....##....#..#.............
.....
..#......#..#..........
.........#.###### ##......
.. .. ... #....... ....#
#......


You could see a boulder beetle (rolling).

Vanquished Creatures
  A wyvern (D:7)
  A water moccasin (D:6)
  A necrophage (D:3)
  2 black bears
  2 ice beasts (D:6)
  2 ogres
  A phantom (D:5)
  A lemure (D:7)
  4 elf zombies (Ossuary)
  A bullfrog (D:6)
  A wyvern skeleton (D:5)
  5 killer bees (D:7)
  5 wights (D:6)
  4 centaur zombies (Ossuary)
  4 hounds
  4 human zombies (Ossuary)
  2 orc priests (D:7)
  2 iguanas (D:6)
  2 orc wizards
  3 mummies (Ossuary)
  A hound skeleton (D:4)
  10 adders
  3 white imps
  An ufetubus (D:4)
  3 worms
  3 dart slugs
  17 orcs
  8 ball pythons
  5 bats
  4 endoplasms
  3 giant cockroaches
  3 goblins (D:1)
  4 hobgoblins
  9 jackals
  3 quokkas
  3 frilled lizards
  3 kobolds
  4 rats
135 creatures vanquished.

Vanquished Creatures (others)
  1118 foxfires
  2 withered plants (D:4)
1120 creatures vanquished.

Grand Total: 1255 creatures vanquished

Notes
Turn   | Place    | Note
-------+----------+-------------------------------------------
     0 | D:1      | Descartes the Spriggan Wanderer began the quest for the
                  | Orb.
     0 | D:1      | Descartes set off with the following items: a +0 spear, a
                  | +0 robe; and the following spells available to memorise:
                  | Foxfire, Sting, Conjure Flame, Inner Flame, Ignite Poison,
                  | Sticky Flame, Fireball
     0 | D:1      | Reached XP level 1. HP: 11/11 MP: 3/3
     2 | D:1      | Learned a level 1 spell: Foxfire
     4 | D:1      | Learned a level 1 spell: Sting
   421 | D:1      | Reached XP level 2. HP: 16/16 MP: 1/5
   643 | D:1      | Reached skill level 1 in Poison Magic
  1365 | D:2      | Reached skill level 1 in Short Blades
  1403 | D:2      | Reached XP level 3. HP: 19/19 MP: 2/6
  2055 | D:2      | Reached skill level 1 in Conjurations
  2325 | D:2      | Reached XP level 4. HP: 23/23 MP: 2/7
  2379 | D:2      | Reached skill level 2 in Stealth
  2957 | D:3      | Found a sacrificial altar of Ru.
  3103 | D:3      | Noticed a necrophage
  3109 | D:3      | Killed a necrophage
  3110 | D:3      | Reached skill level 1 in Dodging
  3110 | D:3      | Reached XP level 5. HP: 27/27 MP: 2/8
  4114 | D:3      | Found a faded altar of an unknown god.
  4586 | D:4      | Reached skill level 3 in Stealth
  4647 | D:4      | Noticed a black bear
  4661 | D:4      | Killed a black bear
  4662 | D:4      | Reached XP level 6. HP: 32/32 MP: 2/10
  5457 | D:4      | Identified the +0 cloak of Xom's Castigation {+Blink}
  6244 | D:4      | Found a runed translucent gate.
  6244 | D:4      | Found a runed translucent gate.
  6246 | D:4      | Found a runed translucent gate.
  6246 | D:4      | Noticed puimuR's ghost (weakling HOMo)
  6248 | D:4      | Noticed Descartes's ghost (weakling SpDe)
  6249 | D:4      | Noticed RawMediocrity's ghost (amateur TeBe)
  6249 | D:4      | Noticed fexil's ghost (amateur FeSu)
  6526 | D:4      | Reached skill level 1 in Evocations
  6723 | D:5      | Entered Level 5 of the Dungeon
  7416 | D:5      | Reached skill level 4 in Stealth
  7416 | D:5      | Reached XP level 7. HP: 35/35 MP: 5/12
  7648 | D:5      | Found Naptili's Armour Boutique.
  8069 | D:6      | Found a sand-covered staircase.
  8088 | Ossuary  | Entered an ossuary
  9073 | Ossuary  | Reached XP level 8. HP: 36/39 MP: 0/14
  9110 | Ossuary  | Reached skill level 5 in Stealth
  9971 | D:6      | Learned a level 3 spell: Ignite Poison
 10205 | D:6      | Reached skill level 6 in Stealth
 10526 | D:6      | Found Jipunuc's Assorted Antiques.
 10908 | D:7      | Reached skill level 5 in Dodging
 10908 | D:7      | Reached skill level 5 in Fire Magic
 10908 | D:7      | Reached XP level 9. HP: 17/43 MP: 0/17
 11115 | D:7      | Noticed Pikel
 11432 | D:6      | Reached skill level 5 in Spellcasting
 11540 | D:7      | Reached skill level 5 in Short Blades
 11540 | D:7      | Reached skill level 5 in Evocations
 11613 | D:7      | Reached skill level 7 in Stealth
 11729 | D:7      | Found a staircase to the Ecumenical Temple.
 11798 | Temple   | Entered the Ecumenical Temple
 12068 | D:7      | Found a stormy altar of Qazlal.
 12274 | D:7      | Noticed a boulder beetle
 12329 | D:7      | Slain by a boulder beetle

Illustrated notes

Levels and vault maps discovered:
D:1:      evilmike_arrival_fibonacci_small, layout_rooms
D:2:      layout_basic
D:3:      layout_basic, mainiacjoe_overflow_catwalk,
          shapermc_ecumenical_altar_mp_vishouse
D:4:      layout_basic, gammafunk_ghost_cemetery, dk_rats_in_the_wall
D:5:      layout_basic, serial_shops, shop
D:6:      layout_cave_pools, enter_ossuary_1, serial_shops, shop_fountains
D:7:      layout_cave_pools, lemuel_round_altar, grunt_temple_overflow_open,
          minmay_temple_entry_enclosed_plants, uniq_pikel
Temple:   dpeg_chambers_temple

Skill      XL: |  1  2  3  4  5  6  7  8  9 |
---------------+----------------------------+-----
Poison Magic   | 1 2 3 4 |  4.6
Short Blades   | 1 2 3 4 5 |  5.0
Conjurations   | 1 2 3 |  3.4
Stealth        | 2 3 4 6 7 |  7.2
Dodging        | 1 2 3 5 |  5.0
Spellcasting   | 2 3 4 5 |  5.0
Fire Magic     | 4 5 |  5.0
Evocations     | 1 2 4 5 |  5.2
Fighting       | |  2.4
Throwing       | |  1.0

Action                   |  1- 3 |  4- 6 |  7- 9 || total
-------------------------+-------+-------+-------++-------
Melee: Spear             |    15 |       |       ||    15
       Dagger            |    15 |       |    58 ||    73
 Cast: Foxfire           |    60 |   222 |   369 ||   651
 Abil: Evoke Blink       |       |     1 |     2 ||     3
Evoke: Wand              |       |       |     2 ||     2
  Use: Potion            |     1 |       |       ||     1
 Stab: Sleeping          |     1 |       |       ||     1
Armor: Robe              |    12 |     3 |    35 ||    50
Dodge: Dodged            |    44 |    33 |   127 ||   204
